 Dungeon Sprint DCSS version 0.23-a0-391-g8c51ad5 (webtiles) character file.

179 emperorscorpion the Covert (level 5, -1/25 HPs)
             Began as a Vine Stalker Enchanter on Oct 30, 2018.
             Was an Elder of Uskayaw.
             Slain by a black bear (4 damage)
             ... in the Dungeon (Sprint IX: "|||||||||||||||||||||||||||||").
             The game lasted 00:01:19 (355 turns).

emperorscorpion the Covert (Vine Stalker Enchanter)  Turns: 355, Time: 00:01:20

Health: -1/25      AC: 11    Str: 11    XL:     5   Next: 59%
Magic:  0/13       EV:  8    Int: 18    God:    Uskayaw [****..]
Gold:   0          SH:  0    Dex: 15    Spells: 12/13 levels left

rFire    . . .     SeeInvis .   a - +2 rapier (elec)
rCold    . . .     Gourm    .   (no shield)
rNeg     . . .     Faith    .   s - +1 chain mail
rPois    .         Spirit   +   (no helmet)
rElec    .         Reflect  .   r - +0 cloak
rCorr    .         Harm     .   q - +0 pair of gloves
MR       .....     NoTele   +   (no boots)
Stlth    +.........             (no amulet)
HPRegen  0.48/turn              t - +2 ring of evasion
MPRegen  0.13/turn              u - +3 ring of intelligence

@: no status effects
A: fangs 2, regeneration 1, magic shield, antimagic bite, no potion heal 3, rot
immunity
a: Stomp, Line Pass, Renounce Religion


You were in the Dungeon.
You worshipped Uskayaw.
Uskayaw was noncommittal.
You were not hungry.

You visited 1 branch

Inventory:

Hand Weapons
 a - a +2 rapier of electrocution (weapon)
 b - a +2 scimitar of flaming
 o - a +1 dagger
Armour
 p - a +0 robe
 q - a +0 pair of gloves (worn)
 r - a +0 cloak (worn)
 s - a +1 chain mail (worn)
Magical Staves
 n - an uncursed staff of energy
Jewellery
 t - a +2 ring of evasion (left hand)
 u - a +3 ring of intelligence (right hand)
Wands
 m - a wand of iceblast (9)
Scrolls
 j - 2 scrolls of blinking
 k - 3 scrolls of remove curse
 l - 2 scrolls of amnesia
Potions
 e - 5 potions of curing
 f - 3 potions of heal wounds
 g - a potion of haste
 h - 4 potions of magic
 i - a potion of invisibility
Comestibles
 c - 6 chunks of flesh
 d - a ration


   Skills:
 + Level 1.1 Fighting
 + Level 2.5 Short Blades
 + Level 1.0 Armour
 + Level 3.5 Dodging
 + Level 8.7 Stealth
 + Level 4.8 Spellcasting
 + Level 6.7 Hexes


You had 12 spell levels left.
You knew the following spells:

 Your Spells              Type           Power        Failure   Level  Hunger
a - Corona                Hex            ####...      45%         1    None

Your spell library contained the following spells:

 Spells                   Type           Power        Failure   Level  Hunger
 Confuse                  Hex            ####....     83%         3    ###....
 Tukima's Dance           Hex            ####....     83%         3    ###....
 Ensorcelled Hibernation  Hex/Ice        ###...       97%         2    #......
 Dazzling Spray           Conj/Hex       ###...       99%         3    ###....


Dungeon Overview and Level Annotations

Branches:
Dungeon (1/1)

Altars:
Cheibriados
Dithmenos
Elyvilon
Fedhas
Gozag
Hepliaklqana
Kikubaaqudgha
Makhleb
Nemelex Xobeh
Okawaru
Qazlal
Ru
Sif Muna
Trog
Uskayaw
Vehumet
Wu Jian
Xom
Yredelemnul
Zin
The Shining One
Beogh
Jiyva
Lugonu


Innate Abilities, Weirdness & Mutations

You have extremely sharp teeth.
Your natural rate of healing is unusually fast.
When hurt, damage is shared between your health and your magic reserves.
Your bite disrupts and absorbs the magic of your enemies.
Potions cannot restore your health.
You are immune to rotting.


Message History

The black bear is severely wounded.
The bullfrog snags a nearby mosquito with its tongue.
The black bear goes berserk!
Uskayaw will force your foes to share their pain.
Uskayaw links your audience in an emotional bond!
Your chain mail prevents you from hitting the black bear.
You bite the black bear. You drain its power.
You feel invigorated.
The black bear is almost dead.
The black bear is no longer sharing its pain.
The bullfrog is no longer sharing its pain.
The centaur is no longer sharing its pain.
The adder zombie is no longer sharing its pain.
The black bear bites you. The black bear closely misses you.
The black bear claws you.
You closely miss the black bear. Your bite misses the black bear.
The black bear is almost dead.
The black bear bites you!
* * * LOW HITPOINT WARNING * * *
The black bear claws you.
You die... ▓▓▓▓▓▓▓▓▓▓▓▓▓▓▓▓▓▓▓▓▓▓▓▓▓▓▓▓ ▓<...')....@hFcZ.'__c_____c_ ▓▓▓▓▓▓▓▓▓▓▓▓▓▓▓▓▓▓▓▓▓▓▓▓▓▓▓▓

You could see a black bear (berserk), a bullfrog, a centaur and an adder zombie.

Vanquished Creatures
  A sky beast (D)
  An orc priest (D)
  2 worker ants (D)
  A shadow imp (D)
  A leopard gecko (D)
  A giant cockroach (D)
  A hobgoblin (D)
  A bat (D)
  A frilled lizard (D)
  A leopard gecko skeleton (D)
  A rat (D)
12 creatures vanquished.

Notes
Turn   | Place    | Note
-------+----------+-------------------------------------------
     0 | D        | emperorscorpion the Vine Stalker Enchanter began the quest
                  | for the Orb.
     0 | D        | Reached XP level 1. HP: 9/9 MP: 4/4
     9 | D        | Reached skill level 4 in Stealth
   201 | D        | Noticed a worker ant
   201 | D        | Noticed an orc priest
   201 | D        | Noticed a worker ant
   204 | D        | Killed a worker ant
   204 | D        | Reached skill level 1 in Short Blades
   204 | D        | Reached skill level 5 in Stealth
   204 | D        | Reached XP level 2. HP: 13/13 MP: 5/7
   204 | D        | Reached XP level 3. HP: 16/16 MP: 5/8
   212 | D        | Reached skill level 6 in Stealth
   212 | D        | Reached skill level 5 in Hexes
   212 | D        | Gained mutation: Your natural rate of healing is unusually
                  | fast. [Vine Stalker growth]
   212 | D        | Reached XP level 4. HP: 21/21 MP: 5/10
   215 | D        | Reached skill level 7 in Stealth
   222 | D        | Found a roughly hewn altar of Beogh.
   222 | D        | Found a snail-covered altar of Cheibriados.
   222 | D        | Found a shadowy altar of Dithmenos.
   222 | D        | Found a white marble altar of Elyvilon.
   222 | D        | Found a blossoming altar of Fedhas.
   222 | D        | Found an opulent altar of Gozag.
   223 | D        | Found a hazy altar of Hepliaklqana.
   224 | D        | Found a viscous altar of Jiyva.
   225 | D        | Found an ancient bone altar of Kikubaaqudgha.
   226 | D        | Found a corrupted altar of Lugonu.
   227 | D        | Found a burning altar of Makhleb.
   228 | D        | Found a sparkling altar of Nemelex Xobeh.
   229 | D        | Found an iron altar of Okawaru.
   230 | D        | Found a stormy altar of Qazlal.
   231 | D        | Found a sacrificial altar of Ru.
   232 | D        | Found a deep blue altar of Sif Muna.
   233 | D        | Found a bloodstained altar of Trog.
   234 | D        | Found a hide-covered altar of Uskayaw.
   235 | D        | Found a radiant altar of Vehumet.
   236 | D        | Found an ornate altar of the Wu Jian Council.
   237 | D        | Found a shimmering altar of Xom.
   238 | D        | Found a basalt altar of Yredelemnul.
   239 | D        | Found a glowing silver altar of Zin.
   240 | D        | Found a glowing golden altar of the Shining One.
   242 | D        | Became a worshipper of Uskayaw the Reveler
   293 | D        | Noticed a sky beast
   293 | D        | Noticed a black bear
   293 | D        | Noticed a bullfrog
   293 | D        | Noticed a centaur
   295 | D        | Reached * piety under Uskayaw
   343 | D        | Reached ** piety under Uskayaw
   347 | D        | Reached *** piety under Uskayaw
   348 | D        | Killed a sky beast
   348 | D        | Reached skill level 1 in Fighting
   348 | D        | Reached skill level 1 in Armour
   348 | D        | Reached skill level 8 in Stealth
   348 | D        | Reached XP level 5. HP: 19/25 MP: 8/13
   353 | D        | Reached **** piety under Uskayaw
   355 | D        | Slain by a black bear

Vault maps used:
D:        linesprint

Skill      XL: |  1  2  3  4 |
---------------+-------------+-----
Stealth        | 5 6 8 |  8.7
Short Blades   | 1 2 |  2.5
Dodging        | 2 3 |  3.5
Spellcasting   | 3 4 |  4.8
Hexes          | 4 5 6 |  6.7
Fighting       | 1 |  1.1
Armour         | 1 |  1.0

Action                   |  1- 3 |  4- 6 || total
-------------------------+-------+-------++-------
Melee: Dagger            |    19 |     3 ||    22
       Bite              |     7 |    10 ||    17
       Rapier            |       |    21 ||    21
Evoke: Wand              |       |     1 ||     1
  Use: Potion            |     1 |       ||     1
 Stab: Sleeping          |     1 |       ||     1
Armor: Robe              |     2 |       ||     2
       Chain mail        |       |    12 ||    12
Dodge: Dodged            |     8 |     4 ||    12

Table legend:
 A = Non-vault XP
 B = Vault XP
 C = Vault XP percentage of total XP
 D = Non-vault monster count
 E = Vault monster count
 F = Vault count percentage of total count
                 A         B        C        D         E       F
            +---------+---------+-------+---------+---------+-------
      Total |       0 |     257 | 100.0 |       0 |      12 | 100.0
            +---------+---------+-------+---------+---------+-------
          D |       0 |     257 | 100.0 |       0 |      12 | 100.0
            +---------+---------+-------+---------+---------+-------
